 Dungeon Crawl Stone Soup version 0.30.0-11-gf55b779eaf (webtiles) character file.

Game seed: 11608529088555905374

3598 Sobieck the Slicer (level 10, -6/99 HPs)
             Began as a Kobold Berserker on May 16, 2023.
             Was a Priest of Trog.
             Mangled by an orc warlord
             ... wielding a +4 broad axe
              (19 damage)
             ... on level 7 of the Dungeon.
             The game lasted 00:16:40 (8335 turns).

Sobieck the Slicer (Kobold Berserker)               Turns: 8335, Time: 00:16:41

Health: -6/99      AC: 11    Str: 20    XL:     10   Next: 31%
Magic:  10/10      EV: 19    Int: 10    God:    Trog [***...]
Gold:   343        SH:  0    Dex: 18    Spells: 9/9 levels left

rFire   + . .        a - +4 dagger (venom) {short}
rCold   . . .        (no shield)
rNeg    . . .        B - +0 ring mail {rF+}
rPois   .            q - +1 helmet
rElec   .            (no cloak)
rCorr   .            (no gloves)
SInv    .            (no boots)
Will    .....        (no amulet) Stlth
                     l - +6 ring of strength
HPRegen 0.36/turn    k - +4 ring of protection
MPRegen 0.12/turn

%: no passive effects
@: berserking, very quick
A: small, no large weapons, nightstalker 3
a: Renounce Religion, Berserk, Trog's Hand


You were on level 7 of the Dungeon.
You worshipped Trog.
Trog was most pleased with you.
You visited 1 branch of the dungeon, and saw 7 of its levels.
You also visited: Bailey.

You collected 343 gold pieces.


Innate Abilities, Weirdness & Mutations

You are small and have problems with some larger weapons.
You are completely attuned to the shadows.


   Skills:
 + Level 9.0 Fighting
 - Level 10.0 Short Blades
 + Level 0.9 Throwing
 - Level 3.1 Armour
 + Level 10.0 Dodging
 - Level 5.0 Stealth
 + Level 1.1 Evocations


You had 9 spell levels left.
You didn't know any spells.
Your spell library contained the following spells:

 Spells                   Type           Power      Damage    Failure   Level
 Kiss of Death            Conj/Necr      0%         2d5       54%         1
 Ensorcelled Hibernation  Hex/Ice        0%         N/A       67%         2
 Sublimation of Blood     Necr           0%         N/A       67%         2
 Wereblood                Tmut           0%         N/A       67%         2
 Confusing Touch          Hex            0%         N/A       88%         3
 Spider Form              Tmut/Pois      0%         N/A       88%         3
 Vhi's Electric Charge    Tloc/Air       0%         N/A       88%         3
 Anguish                  Hex/Necr       0%         N/A       99%         4
 Dispel Undead            Necr           0%         3d6       99%         4
 Arcjolt                  Conj/Air       0%         1d10      100%        5
 Plasma Beam              Fire/Air       0%         2x1d11    100%        6
 Summon Hydra             Summ           0%         N/A       100%        7

Inventory:

Hand Weapons
 a - a +4 dagger of venom (weapon) {short}
   (You took it off a kobold on level 2 of the Dungeon)
 f - a +0 rapier of draining {short}
   (You found it on level 6 of the Dungeon)
 r - a +0 short sword {short}
 F - a +2 dagger of venom {short}
   (You took it off an orc wizard on level 3 of the Dungeon)
Missiles
 c - 11 poisoned darts (quivered) {throwing}
 n - 2 datura-tipped darts {throwing}
 s - 73 stones {throwing}
 T - a throwing net {=f!fthrowing}
 U - 2 boomerangs {throwing}
 V - 5 atropa-tipped darts {throwing}
Armour
 b - a +0 animal skin
 p - a +0 robe
   (You took it off a hobgoblin on level 2 of the Dungeon)
 q - a +1 helmet (worn)
   (You found it on level 2 of the Dungeon)
 v - a +0 leather armour
   (You took it off an orc on level 4 of the Dungeon)
 x - a +0 robe
   (You took it off an orc wizard on level 3 of the Dungeon)
 y - a +0 robe
   (You took it off an orc wizard on level 3 of the Dungeon)
 B - a +0 ring mail of fire resistance (worn)
   (You found it on level 6 of the Dungeon)
 C - a +0 robe
   (You found it on level 3 of the Dungeon)
 D - a +0 chain mail
   (You took it off an orc on level 3 of the Dungeon)
 E - a +0 robe
   (You took it off an orc wizard on level 3 of the Dungeon)
 G - a +0 scale mail
   (You took it off an orc on level 4 of the Dungeon)
 H - a +0 leather armour
   (You took it off Duvessa on level 4 of the Dungeon)
 J - a +2 robe of the Archmagi
   (You took it off Dowan on level 4 of the Dungeon)
 K - a +0 robe
   (You took it off an orc wizard on level 4 of the Dungeon)
 L - a +0 leather armour
   (You took it off an orc on level 4 of the Dungeon)
 M - a +0 leather armour
   (You took it off an orc priest on level 4 of the Dungeon)
 N - a +0 chain mail
   (You took it off an orc on level 4 of the Dungeon)
 O - a +0 scale mail
   (You took it off an orc on level 4 of the Dungeon)
 P - a +0 leather armour
   (You found it on level 4 of the Dungeon)
 Q - a +0 robe
   (You found it on level 5 of the Dungeon)
 W - a +0 leather armour
   (You found it on level 5 of the Dungeon)
Magical Staves
 g - a staff of fire {forbidden!astaff}
   (You found it on level 1 of the Dungeon)
 Z - a staff of poison {forbidden!astaff}
   (You found it on level 5 of the Dungeon)
Jewellery
 k - a +4 ring of protection (right hand)
   (You found it on level 7 of the Dungeon)
 l - a +6 ring of strength (left hand)
   (You found it on level 1 of the Dungeon)
 t - a ring of positive energy
   (You found it on level 7 of the Dungeon)
 X - a ring of flight
   (You found it on level 5 of the Dungeon)
Scrolls
 S - 2 scrolls of fog
 Y - 2 scrolls of magic mapping {!r}
Potions
 d - 5 potions of curing {@q1}
 h - a potion of resistance
 i - a potion of degeneration {unknown}
 j - 2 potions of magic {unknown}
 m - 3 potions of attraction {!q}
 o - a potion of berserk rage {unknown}
 u - a potion of ambrosia {unknown}
 w - 2 potions of cancellation
 z - a potion of flight {unknown}
 A - 3 potions of lignification {!q}
 I - 2 potions of brilliance {unknown}
 R - 3 potions of haste {unknown}

Dungeon Overview and Level Annotations

Branches:
Dungeon (7/15) Zot: 26420  Temple (0/1) D:4          Bailey (visited)

Altars:
Nemelex Xobeh
Uskayaw
Xom
Yredelemnul

Shops:
D:1 [   D:3 (   D:5 [

Annotations:
D:2 1 runed translucent door, Crazy Yiuf

...##.......###.##..###.########
......##.##.#
#....##........<.##
.........##.#
####.##.#.#####...#
......#####.# ###.##.#.# #.....
<..#......|.####........# #.....
...#.............######## #.....
...#.###.#.#.#.### ##...#
...#.##...###....# ##### #.###
.........## ##.#@####...#####.##
...#......###..#o##............#
...........#.#.#.##....~~~~~~~.#
...............#.......~#####~.#
.........#.)## ####..[.~#...#≈.#
...##.##.#..# #....~))∩.#~.#
............# ####.~#...#
...####.###.# #.~##### ...####[#
.# #.~~


You could see an orc warlord (extremely poisoned).


Message History

The orc warlord hits your ogre with a +4 broad axe!!
The orc warlord hits your ogre with a +4 broad axe!
Your ogre dies!
Your ogre's corpse disappears in a puff of smoke!
Okay, then.
Unknown command.
Okay, then.
Unknown command.
You feel much better.
Okay, then.
Unknown command.
Unknown command.
Unknown command.
Okay, then.
Unknown command.
Your skin crawls.
You feel strong-willed.
The orc warlord hits you with a +4 broad axe!
The orc warlord misses you.
Unknown command.
You hit the orc warlord but do no damage.
The orc warlord is poisoned.
You hit the orc warlord.
The orc warlord looks as sick as possible!
The orc warlord hits you with a +4 broad axe!!
* * * LOW HITPOINT WARNING * * *
You hit the orc warlord but do no damage.
The orc warlord looks as sick as possible!
The orc warlord hits you with a +4 broad axe.
* * * LOW HITPOINT WARNING * * *
Unknown command.
Okay, then.
Okay, then.
Unknown command.
You feel much better.
The orc warlord hits you with a +4 broad axe!
* * * LOW HITPOINT WARNING * * *
Okay, then.
Unknown command.
The orc warlord hits you with a +4 broad axe.
* * * LOW HITPOINT WARNING * * *
Unknown command.
The orc warlord attacks as you move away!
The orc warlord hits you with a +4 broad axe.
* * * LOW HITPOINT WARNING * * *
You feel yourself speed up.
The orc warlord hits you with a +4 broad axe!
* * * LOW HITPOINT WARNING * * *
You feel the effects of Trog's Hand fading.
Unknown command.
There is a gate leading back out of this place here.
The orc warlord hits you with a +4 broad axe!
* * * LOW HITPOINT WARNING * * *
Welcome back to the Dungeon!
There is an empty arch of ancient stone here.
Unknown command.
Unknown command.
The orc warlord barely misses you.
Things that are here:
a +0 hand axe {axe}; a goblin skeleton Your skin stops crawling.
You feel less strong-willed.
Items here: ))) ÷.
You enter the shallow water.
Moving in this stuff is going to be slow.
Unknown command.
You recover from your berserk rage.
Unknown command.
You see here a +0 ring mail.
The orc warlord attacks as you move away!
The orc warlord barely misses you.
Unknown command.
A red film seems to cover your vision as you go berserk!
You feel yourself moving faster!
You feel mighty! The orc warlord completely misses you.
You hit the orc warlord but do no damage.
The orc warlord looks as sick as possible!
You barely miss the orc warlord. You puncture the orc warlord!
The orc warlord looks as sick as possible!
The orc warlord closely misses you.
You hit the orc warlord.
The orc warlord looks as sick as possible!
You puncture the orc warlord! You barely miss the orc warlord.
The orc warlord hits you with a +4 broad axe!
* * * LOW HITPOINT WARNING * * *
You hit the orc warlord.
The orc warlord looks as sick as possible!
You hit the orc warlord but do no damage.
The orc warlord looks as sick as possible!
You hit the orc warlord.
The orc warlord looks as sick as possible!
The orc warlord closely misses you.
You hit the orc warlord.
The orc warlord looks as sick as possible!
You hit the orc warlord.
The orc warlord looks as sick as possible!
You hit the orc warlord.
The orc warlord hits you with a +4 broad axe!!
You die...

Skill      XL: |  1  2  3  4  5  6  7  8  9 10 |
---------------+-------------------------------+-----
Stealth        | 1 2 3 5 |  5.0
Dodging        | 3 4 5 8 10 | 10.0
Short Blades   | 5 6 7 9 10 | 10.0
Armour         | 2 3 |  3.1
Fighting       | 4 5 6 8 9 |  9.0
Evocations     | 1 |  1.1
Throwing       | |  0.9

Action                     |  1- 3 |  4- 6 |  7- 9 | 10-12 || total
---------------------------+-------+-------+-------+-------++-------
  Melee: Short sword       |   124 |    13 |       |       ||   137
         Punch             |     1 |       |     9 |       ||    10
         Dagger            |       |   135 |   383 |    37 ||   555
 Invoke: Berserk           |     1 |     1 |     2 |     2 ||     6
         Brothers in Arms  |       |       |       |     2 ||     2
         Trog's Hand       |       |       |       |     1 ||     1
    Use: Scroll            |       |     4 |    13 |     2 ||    19
         Potion            |       |       |     1 |     2 ||     3
   Stab: Sleeping          |     9 |     4 |     8 |       ||    21
         Distracted        |       |       |     2 |     1 ||     3
 Armour: Animal skin       |     9 |       |       |       ||     9
         Ring mail         |     5 |    14 |    19 |     1 ||    39
         Chain mail        |       |    47 |    63 |       ||   110
  Dodge: Dodged            |    62 |    56 |   190 |    13 ||   321

Levels and vault maps discovered:
D:1:      onia_arrival_pyramid, layout_basic, serial_shops, shop
D:2:      layout_basic, basic_altar, uniq_crazy_yiuf_cottage
D:3:      layout_loops_corners, mainiacjoe_overflow_alcove_2, serial_shops, shop
D:4:      layout_gridville, minmay_temple_entry_nine_rooms, uniq_duvessa
D:5:      layout_basic, serial_shops, nicolae_square_shop
D:6:      layout_basic, mainiacjoe_overflow_small_starburst, serial_shops,
          nicolae_shop_window_shopping, minmay_fractal_squares_gapless_5,
          uniq_grinder
D:7:      layout_loops_cross, lemuel_doored_altar, tgw_sif, enter_bailey_3

Notes
Turn   | Place    | Note
-------+----------+-------------------------------------------
     0 | D:1      | Sobieck the Kobold Berserker began the quest for the Orb.
     0 | D:1      | Reached XP level 1. HP: 14/14 MP: 1/1
   118 | D:1      | Reached skill level 1 in Stealth
   118 | D:1      | Reached XP level 2. HP: 19/19 MP: 2/2
   353 | D:1      | Reached XP level 3. HP: 23/23 MP: 3/3
   439 | D:1      | You pick up a book of Dreams {forbidden} and begin
                  | reading...
   439 | D:1      | You add the spells Ensorcelled Hibernation, Spider Form and
                  | Anguish to your library.
   615 | D:1      | You pick up a book of Lightning {forbidden} and begin
                  | reading...
   615 | D:1      | You add the spells Vhi's Electric Charge, Arcjolt and
                  | Plasma Beam to your library.
   700 | D:1      | Reached skill level 2 in Stealth
   891 | D:1      | Found Rocuxziff's Armour Emporium.
   922 | D:2      | Found a basalt altar of Yredelemnul.
   989 | D:2      | Reached ** piety under Trog
  1280 | D:2      | You pick up a book of Touch {forbidden} and begin
                  | reading...
  1280 | D:2      | You add the spells Kiss of Death, Confusing Touch and
                  | Dispel Undead to your library.
  1448 | D:2      | Reached XP level 4. HP: 29/29 MP: 4/4
  1666 | D:2      | Found a runed translucent door.
  1669 | D:2      | Noticed Crazy Yiuf
  2191 | D:3      | Found a sparkling altar of Nemelex Xobeh.
  2464 | D:3      | Reached skill level 3 in Dodging
  2484 | D:3      | Reached skill level 5 in Short Blades
  2484 | D:3      | Reached skill level 2 in Armour
  2484 | D:3      | Reached skill level 3 in Stealth
  2494 | D:3      | Reached XP level 5. HP: 12/33 MP: 5/5
  2504 | D:3      | You pick up a book of Blood {forbidden} and begin
                  | reading...
  2504 | D:3      | You add the spells Sublimation of Blood, Wereblood and
                  | Summon Hydra to your library.
  2669 | D:3      | Found Esifred's Antique Weapon Shoppe.
  2989 | D:3      | Reached skill level 4 in Fighting
  3055 | D:3      | Reached *** piety under Trog
  3108 | D:4      | Found a staircase to the Ecumenical Temple.
  3133 | D:4      | Reached XP level 6. HP: 34/38 MP: 6/6
  3212 | D:4      | Reached skill level 4 in Stealth
  3343 | D:4      | Noticed Duvessa
  3374 | D:4      | Identified a +2 robe of the Archmagi
  3374 | D:4      | Noticed Dowan
  3376 | D:4      | Killed Duvessa
  3377 | D:4      | Reached skill level 6 in Short Blades
  3385 | D:4      | Killed Dowan
  3386 | D:4      | Reached skill level 5 in Stealth
  3386 | D:4      | Reached XP level 7. HP: 36/44 MP: 7/7
  3695 | D:4      | Reached skill level 4 in Dodging
  3955 | D:4      | HP: 11/44 [orc priest/divine providence (11)]
  3958 | D:4      | HP: 4/44 [orc priest/nerve-wracking pain (7)]
  4472 | D:5      | Entered Level 5 of the Dungeon
  4697 | D:5      | Reached skill level 7 in Short Blades
  4697 | D:5      | Reached skill level 3 in Armour
  4870 | D:5      | Reached skill level 5 in Fighting
  4870 | D:5      | Reached XP level 8. HP: 45/49 MP: 8/8
  5123 | D:5      | Reached skill level 8 in Short Blades
  5123 | D:5      | Reached skill level 5 in Dodging
  5224 | D:5      | Found Nollol's Armour Shoppe.
  5679 | D:6      | Noticed a wyvern
  5690 | D:6      | Killed a wyvern
  5945 | D:6      | Found a hide-covered altar of Uskayaw.
  5960 | D:6      | Noticed Grinder
  5987 | D:6      | Killed Grinder
  5988 | D:6      | Reached skill level 6 in Fighting
  5988 | D:6      | Reached skill level 9 in Short Blades
  5988 | D:6      | Reached XP level 9. HP: 41/55 MP: 9/9
  6126 | D:6      | Found Ishof's Armour Boutique.
  6205 | D:6      | Reached skill level 6 in Dodging
  6493 | D:6      | Reached skill level 10 in Short Blades
  7105 | D:7      | Reached skill level 7 in Fighting
  7105 | D:7      | Reached skill level 7 in Dodging
  7473 | D:7      | Found a shimmering altar of Xom.
  7531 | D:7      | Found a flagged portal.
  7544 | Bailey   | Entered a bailey
  7717 | Bailey   | Reached **** piety under Trog
  7884 | Bailey   | Reached skill level 8 in Dodging
  7981 | Bailey   | Reached skill level 8 in Fighting
  8198 | Bailey   | Reached XP level 10. HP: 58/64 MP: 10/10
  8256 | Bailey   | Noticed an orc knight
  8274 | Bailey   | Killed an orc knight
  8275 | Bailey   | Reached skill level 9 in Fighting
  8275 | Bailey   | Reached skill level 9 in Dodging
  8284 | Bailey   | Reached skill level 10 in Dodging
  8284 | Bailey   | Reached skill level 1 in Evocations
  8288 | Bailey   | Noticed an orc warlord
  8300 | Bailey   | HP: 14/66 [orc warlord/+4 broad axe (28)]
  8305 | Bailey   | HP: 12/66 [orc warlord/+4 broad axe (15)]
  8329 | D:7      | HP: 12/99 [orc warlord/+4 broad axe (14)]
  8335 | D:7      | Mangled by an orc warlord

Vanquished Creatures
  An orc knight (Bailey)
  Grinder (D:6)
  A wyvern (D:6)
  A steam dragon (D:7)
  Duvessa (D:4)
  A water moccasin (D:5)
  8 orc warriors (Bailey)
  2 ice beasts (D:6)
  A centaur (D:5)
  2 bullfrogs
  2 scorpions (D:5)
  Dowan (D:4)
  3 killer bees (D:7)
  A howler monkey (D:6)
  3 orc priests
  6 hounds
  5 iguanas
  A sleepcap (D:6)
  5 orc wizards
  7 gnolls
  2 adders
  A white imp (D:6)
  An ufetubus (D:6)
  2 dart slugs
  30 orcs
  6 ball pythons
  3 bats
  5 endoplasms
  2 giant cockroaches
  19 hobgoblins
  10 jackals
  A frilled lizard (D:1)
  19 goblins
  9 kobolds
  10 rats
173 creatures vanquished.

Vanquished Creatures (collateral kills)
  2 orc warriors (Bailey)
  A gnoll (Bailey)
  A hobgoblin (Bailey)
4 creatures vanquished.

Grand Total: 177 creatures vanquished

Table legend:
 A = Non-vault XP
 B = Vault XP
 C = Vault XP percentage of total XP
 D = Non-vault monster count
 E = Vault monster count
 F = Vault count percentage of total count
                 A         B        C        D         E       F
            +---------+---------+-------+---------+---------+-------
      Total |    2205 |    2935 |  57.1 |     125 |      52 |  29.4
            +---------+---------+-------+---------+---------+-------
        D:1 |      41 |       0 |   0.0 |      22 |       0 |   0.0
        D:2 |      46 |       0 |   0.0 |      21 |       0 |   0.0
        D:3 |     146 |       0 |   0.0 |      21 |       0 |   0.0
        D:4 |     335 |     222 |  39.9 |      32 |       2 |   5.9
        D:5 |     643 |       0 |   0.0 |      12 |       0 |   0.0
        D:6 |     432 |     661 |  60.5 |      10 |       6 |  37.5
        D:7 |     562 |       7 |   1.2 |       7 |       4 |  36.4
     Bailey |       0 |    2045 | 100.0 |       0 |      40 | 100.0
            +---------+---------+-------+---------+---------+-------

Skill      XL: |  1  2  3  4  5  6  7  8  9 10 |
---------------+-------------------------------+-----
Stealth        | 1 2 3 5 |  5.0
Dodging        | 3 4 5 8 10 | 10.0
Short Blades   | 5 6 7 9 10 | 10.0
Armour         | 2 3 |  3.1
Fighting       | 4 5 6 8 9 |  9.0
Evocations     | 1 |  1.1
Throwing       | |  0.9

Action                     |  1- 3 |  4- 6 |  7- 9 | 10-12 || total
---------------------------+-------+-------+-------+-------++-------
  Melee: Short sword       |   124 |    13 |       |       ||   137
         Punch             |     1 |       |     9 |       ||    10
         Dagger            |       |   135 |   383 |    37 ||   555
 Invoke: Berserk           |     1 |     1 |     2 |     2 ||     6
         Brothers in Arms  |       |       |       |     2 ||     2
         Trog's Hand       |       |       |       |     1 ||     1
    Use: Scroll            |       |     4 |    13 |     2 ||    19
         Potion            |       |       |     1 |     2 ||     3
   Stab: Sleeping          |     9 |     4 |     8 |       ||    21
         Distracted        |       |       |     2 |     1 ||     3
 Armour: Animal skin       |     9 |       |       |       ||     9
         Ring mail         |     5 |    14 |    19 |     1 ||    39
         Chain mail        |       |    47 |    63 |       ||   110
  Dodge: Dodged            |    62 |    56 |   190 |    13 ||   321

Illustrated notes

Table legend:
 A = Kills in this place as a percentage of kills in the entire game.
 B = Kills by you in this place as a percentage of kills by you in the entire game.
 C = Kills by friends in this place as a percentage of kills by friends in the entire game.
 D = Other kills in this place as a percentage of other kills in the entire game.
 E = Experience gained in this place as a percentage of experience gained in the entire game.
 F = Experience gained in this place divided by the number of levels of this place that you have seen.
                   A       B       C       D       E      F
               +-------+-------+-------+-------+-------+----------------------
         Total | 100.0 | 100.0 | 100.0 |   N/A | 100.0 | 642.5
       Dungeon |  77.4 |  79.2 |   0.0 |   N/A |  60.2 | 442.1
        Bailey |  22.6 |  20.8 | 100.0 |   N/A |  39.8 | 2045.0
               +-------+-------+-------+-------+-------+----------------------

Table legend: (Time is in decaauts)
 A = Elapsed time spent in this place.
 B = Non-inter-level travel time spent in this place.
 C = Inter-level travel time spent in this place.
 D = Time resting spent in this place.
 E = Time spent auto-exploring this place.
 F = Levels seen in this place.
 G = Mean time per level.
                   A        B        C        D        E       F      G
               +--------+--------+--------+--------+--------+-----+--------+
         Total |   8125 |   8006 |    119 |    953 |   5617 |   8 | 1015.6 |
       Dungeon |   7427 |   7308 |    119 |    705 |   5617 |   7 | 1061.0 |
        Bailey |    698 |    698 |      0 |    248 |      0 |   1 |  698.0 |
               +--------+--------+--------+--------+--------+-----+--------+

Top non-repeatable levels by time:
     D:4: 1351 daAuts
     D:3: 1263 daAuts
     D:6: 1261 daAuts
     D:5: 1171 daAuts
     D:2: 902 daAuts
     D:1: 899 daAuts
  Bailey: 698 daAuts
     D:7: 579 daAuts
